 Dungeon Crawl Stone Soup version 0.26-a0-844-g3dd439832f (webtiles) character file.

Game seed: 14119722474786891511

1043 stormannnn the Shield-Bearer (level 8, -2/71 HPs)
             Began as a Minotaur Fighter on Nov 18, 2020.
             Slain by a lemure (6 damage)
             ... led by Pikel
             ... on level 5 of the Dungeon.
             The game lasted 00:03:47 (5611 turns).

stormannnn the Shield-Bearer (Minotaur Fighter)     Turns: 5611, Time: 00:03:48

Health: -2/71      AC:  7    Str: 28    XL:     8   Next: 4%
Magic:  7/7        EV:  4    Int:  5    God:
Gold:   236        SH: 11    Dex: 11    Spells: 7/7 levels left

rFire    . . .     SeeInvis .   a - +1 war axe
rCold    . . .     Faith    .   c - +0 kite shield
rNeg     . . .     Spirit   .   b - +0 scale mail
rPois    .         Reflect  .   (helmet restricted)
rElec    .         Harm     .   (no cloak)
rCorr    .         Rampage  .   (no gloves)
MR       .....                  (no boots)
Stlth    ..........             (no amulet)
HPRegen  0.21/turn              j - -4 ring of evasion (curse)
MPRegen  0.10/turn              n - +6 ring of strength

@: no status effects
A: retaliatory headbutt, horns 2
a: no special abilities


You were on level 5 of the Dungeon.
You visited 1 branch of the dungeon, and saw 5 of its levels.

You collected 236 gold pieces.

Inventory:

Hand Weapons
 a - a +1 war axe (weapon)
Armour
 b - a +0 scale mail (worn)
 c - a +0 kite shield (worn)
Jewellery
 j - a cursed -4 ring of evasion (left hand)
 n - a +6 ring of strength (right hand)
 p - an uncursed ring of positive energy {unknown}
 q - an uncursed ring of resist corrosion {unknown}
 y - an uncursed ring of ice {unknown}
Wands
 w - a wand of random effects (17)
Scrolls
 k - 2 scrolls of teleportation {unknown}
 m - 5 scrolls of identify
 o - 3 scrolls of enchant armour
 u - a scroll of immolation {unknown}
 v - a scroll of fear {unknown}
 z - a scroll of amnesia {unknown}
Potions
 d - 2 potions of might
 e - 2 potions of berserk rage {unknown}
 f - a potion of heal wounds {unknown}
 g - a potion of curing {unknown}
 h - 3 potions of brilliance {unknown}
 i - a potion of invisibility {unknown}
 l - a potion of resistance {unknown}
 r - 4 potions of flight {unknown}
 s - a potion of haste {unknown}
 t - a potion of degeneration {unknown}
 x - a potion of mutation {unknown}
 A - a potion of attraction {unknown}


   Skills:
 + Level 6.6 Fighting
 + Level 6.0 Axes
 + Level 6.6 Armour
 + Level 6.7 Shields


You had 7 spell levels left.
You didn't know any spells.
Your spell library was empty.

Dungeon Overview and Level Annotations

Branches:
Dungeon (5/15)
 Temple: D:4-7

Altars:
Elyvilon
Kikubaaqudgha
Makhleb

Annotations:
D:5 Pikel


Innate Abilities, Weirdness & Mutations

You reflexively headbutt those who attack you in melee.
You have a pair of horns on your head.


Message History

The lemure hits you. The lemure hits you but does no damage.
You block the lemure's attack.
Unknown command.
You miss Pikel. Your headbutt misses Pikel.
Pikel is almost dead.
You hit the lemure. You slash the lemure! You slice the lemure!!
Pikel hits you with a +2 whip of flaming.
Pikel burns you. The lemure hits you but does no damage. The lemure hits you!
* * * LOW HITPOINT WARNING * * *
The lemure hits you.
* * * LOW HITPOINT WARNING * * *
You barely miss Pikel.
Pikel is almost dead.
You slash the lemure!
You kill the lemure!
That felt strangely unrewarding.
You closely miss the lemure. You barely miss the lemure.
Pikel zaps a wand.
You are blasted!
* * * LOW HITPOINT WARNING * * *
The lemure hits you.
You die...

..# #.# .# # .# .# # ♣♣♣
.###### ♣♣ ♣♣♣.♣♣♣
♣♣....... .♣♣ ♣♣..(..♣♣
♣♣5....##
..♣♣♣.......♣♣♣5.K....##
...♣..)≈≈≈...♣.5@≈≈≈...#
≈.....≈≈≈≈≈.....≈≈≈≈≈..#
≈.....≈≈_≈≈.....≈≈♣≈≈...
≈.....≈≈≈≈≈.....≈≈≈≈≈...
...♣...≈≈≈...♣...≈≈≈...#
..♣♣♣.......♣♣♣.......##
.♣♣ ♣♣...[.♣♣ ♣♣)....##
♣♣ ♣♣♣.♣♣♣ ♣♣##### ♣♣♣


You could see Pikel and 3 lemures.

Vanquished Creatures
  Sigmund (D:2)
  Duvessa (D:5)
  2 ogres
  A sky beast (D:5)
  A lemure (D:5)
  Blork the orc (D:5)
  Dowan (D:5)
  5 worker ants
  Robin (D:2)
  4 gnolls
  12 adders
  A white imp (D:5)
  An ooze (D:1)
  An adder zombie (D:3)
  3 worms
  5 dart slugs (D:1)
  7 leopard geckos
  2 orcs
  4 giant cockroaches
  16 goblins
  13 hobgoblins
  8 jackals
  A quokka (D:3)
  A ball python (D:2)
  6 bats
  7 frilled lizards
  9 kobolds
  2 leopard gecko skeletons
  A quokka skeleton (D:3)
  A quokka zombie (D:5)
  8 rats
127 creatures vanquished.

Vanquished Creatures (others)
  8 plants (D:3)
8 creatures vanquished.

Grand Total: 135 creatures vanquished

Notes
Turn   | Place    | Note
-------+----------+-------------------------------------------
     0 | D:1      | stormannnn the Minotaur Fighter began the quest for the
                  | Orb.
     0 | D:1      | Reached XP level 1. HP: 19/19 MP: 0/0
    94 | D:1      | Reached XP level 2. HP: 24/27 MP: 1/1
   403 | D:1      | Reached XP level 3. HP: 28/33 MP: 2/2
   834 | D:1      | Reached XP level 4. HP: 40/40 MP: 3/3
  1424 | D:2      | Noticed Robin
  1436 | D:2      | Killed Robin
  1457 | D:2      | Noticed Sigmund
  1467 | D:2      | Killed Sigmund
  1468 | D:2      | Reached skill level 5 in Fighting
  1468 | D:2      | Reached skill level 5 in Armour
  1468 | D:2      | Reached skill level 5 in Shields
  1468 | D:2      | Reached XP level 5. HP: 44/48 MP: 4/4
  1468 | D:2      | Reached XP level 6. HP: 51/56 MP: 5/5
  2887 | D:3      | Found a burning altar of Makhleb.
  2887 | D:3      | Found an ancient bone altar of Kikubaaqudgha.
  3822 | D:4      | Reached skill level 5 in Axes
  3822 | D:4      | Reached XP level 7. HP: 15/62 MP: 6/6
  4615 | D:5      | Entered Level 5 of the Dungeon
  4630 | D:5      | Noticed Duvessa
  4630 | D:5      | Noticed Dowan
  4637 | D:5      | Killed Duvessa
  4640 | D:5      | Killed Dowan
  5389 | D:5      | Noticed Blork the orc
  5397 | D:5      | Killed Blork the orc
  5398 | D:5      | Reached XP level 8. HP: 55/71 MP: 7/7
  5585 | D:5      | Found a white marble altar of Elyvilon.
  5600 | D:5      | Noticed Pikel
  5611 | D:5      | Slain by a lemure

Illustrated notes

Levels and vault maps discovered:
D:1:      heliophobic_arrival_glass_houses, layout_loops_corners,
          chequers_arboretum, minmay_octomino_c4
D:2:      layout_loops_ring, uniq_robin, uniq_sigmund
D:3:      wad_lake_hut, layout_basic, gammafunk_temple_overflow_elements,
          serial_undead, serial_undead_d, serial_undead_b, serial_undead_e,
          serial_undead_e
D:4:      layout_basic, minmay_cut_off
D:5:      minmay_razor_zed, layout_basic, elyvilon_altar_3,
          uniq_crazy_yiuf_cottage, uniq_blork_the_orc, uniq_pikel, uniq_duvessa

Skill      XL: |  1  2  3  4  5  6  7 |
---------------+----------------------+-----
Shields        | 4 5 6 |  6.7
Fighting       | 4 5 6 |  6.6
Armour         | 4 5 6 |  6.6
Axes           | 3 4 5 6 |  6.0

Action                   |  1- 3 |  4- 6 |  7- 9 || total
-------------------------+-------+-------+-------++-------
Melee: War axe           |    79 |   162 |    55 ||   296
       Headbutt          |     8 |    22 |    10 ||    40
  Use: Scroll            |       |     4 |       ||     4
Armor: Scale mail        |    35 |    63 |    25 ||   123
Dodge: Dodged            |    18 |    29 |     5 ||    52
Block: Kite shield       |    38 |    81 |    40 ||   159

Table legend: (Time is in decaauts)
 A = Elapsed time spent in this place.
 B = Non-inter-level travel time spent in this place.
 C = Inter-level travel time spent in this place.
 D = Time resting spent in this place.
 E = Time spent auto-exploring this place.
 F = Levels seen in this place.
 G = Mean time per level.
                   A        B        C        D        E       F      G
               +--------+--------+--------+--------+--------+-----+--------+
         Total |   5750 |   5640 |    110 |   1017 |   3901 |   5 | 1150.0 |
       Dungeon |   5750 |   5640 |    110 |   1017 |   3901 |   5 | 1150.0 |
               +--------+--------+--------+--------+--------+-----+--------+

Top non-repeatable levels by time:
     D:4: 1455 daAuts
     D:1: 1235 daAuts
     D:3: 1117 daAuts
     D:5: 1006 daAuts
     D:2: 936 daAuts
